 Dungeon Crawl Stone Soup version 0.28-a0-1624-g820543e53a (webtiles) character file.

Game seed: 5012881004478886378

529 Gildeon the Sneak (level 7, 0/40 HPs)
             Began as a Deep Elf Conjurer on Jan 23, 2022.
             Was an Initiate of Vehumet.
             Slain by Duvessa (9 damage)
             ... on level 6 of the Dungeon.
             The game lasted 00:20:36 (4665 turns).

Gildeon the Sneak (Deep Elf Conjurer)               Turns: 4665, Time: 00:20:36

Health: 0/40       AC:  5    Str:  4    XL:     7   Next: 3%
Magic:  14/15      EV: 13    Int: 25    God:    Vehumet [......]
Gold:   6          SH:  0    Dex: 13    Spells: 5/15 levels left

rFire   . . .      SeeInvis .   e - +0 dagger
rCold   . . .      Faith    .   (no shield)
rNeg    . . .      Spirit   .   a - +0 robe
rPois   .          Reflect  .   (no helmet)
rElec   .          Harm     .   (no cloak)
rCorr   .          Rampage  .   l - +2 pair of gloves
Will    .....                   (no boots)
Stlth   +++.......              k - amulet of magic regeneration
HPRegen 0.13/turn               t - ring of wizardry
MPRegen 0.54/turn               (no ring)

@: no status effects
A: no striking features
a: Renounce Religion


You were on level 6 of the Dungeon.
You worshipped Vehumet.
Vehumet was noncommittal.
You visited 2 branches of the dungeon, and saw 7 of its levels.

You collected 225 gold pieces.
You spent 219 gold pieces at shops.

Inventory:

Hand Weapons
 e - a +0 dagger (weapon)
Armour
 a - a +0 robe (worn)
 l - a +2 pair of gloves (worn)
Jewellery
 k - an amulet of magic regeneration (around neck)
 t - a ring of wizardry (left hand)
 u - a ring of ice
Wands
 r - a wand of flame (2)
 w - a wand of iceblast (4)
Scrolls
 c - 3 scrolls of blinking {unknown}
 d - a scroll of holy word {unknown}
 g - a scroll of vulnerability {unknown}
 h - 4 scrolls of enchant armour
 i - a scroll of fear {unknown}
 j - a scroll of fog
 m - a scroll of amnesia {unknown}
 n - 3 scrolls of silence {unknown}
 s - a scroll of teleportation {unknown}
Potions
 b - 3 potions of attraction
 f - 2 potions of heal wounds
 o - 3 potions of curing
 p - a potion of lignification
 q - 2 potions of flight
 v - a potion of degeneration {unknown}


   Skills:
 - Level 2.0 Fighting
 + Level 0.2 Short Blades
 + Level 5.0 Dodging
 + Level 5.3 Stealth
 + Level 4.5 Spellcasting
 - Level 5.0 Conjurations
 - Level 3.0 Hexes
 + Level 1.0 Evocations


You had 5 spell levels left.
You knew the following spells:

 Your Spells              Type           Power      Damage    Failure   Level
a - Magic Dart            Conj           100%       1d8       1%          1
b - Searing Ray           Conj           60%        2d6       1%          2
c - Dazzling Flash        Conj/Hex       50%        N/A       1%          3
d - Iskenderun's Mystic   Conj/Tloc      18%        2d6       12%         4

Your spell library contained the following spells:

 Spells                   Type           Power      Damage    Failure   Level
 Fulminant Prism          Conj/Hex       12%        3d9       7%          4
 Gell's Gravitas          Tloc           5%         N/A       11%         3
 Ozocubu's Armour         Ice            5%         N/A       11%         3
 Teleport Other           Tloc           5%         N/A       11%         3
 Cause Fear               Hex            10%        N/A       11%         4
 Metabolic Englaciation   Hex/Ice        6%         N/A       45%         5
 Silence                  Hex/Air        6%         N/A       45%         5
 Agony                    Necr           5%         N/A       65%         5
 Dispersal                Tloc           2%         N/A       99%         6
 Simulacrum               Ice/Necr       2%         N/A       99%         6
 Dragon Form              Tmut           2%         N/A       100%        7
 Dragon's Call            Summ           2%         N/A       100%        9


Dungeon Overview and Level Annotations

Branches:
Dungeon (5/15)             Temple (1/1) D:4

Altars:
Ashenzari
Dithmenos
Elyvilon
Makhleb
Nemelex Xobeh
Qazlal
Uskayaw
Vehumet
Wu Jian
Xom
Yredelemnul
Lugonu

Shops:
D:1 ?*

Annotations:
D:4 1 runed translucent door, Eustachio
D:6 Duvessa


Message History

You kill Dowan!
Vehumet accepts your kill.
Duvessa screams in rage.
Duvessa goes berserk!
Training target 2.0 for Fighting reached!
Your Fighting skill increases to level 2!
Your Evocations skill increases to level 1!
You have reached level 7!
Aiming: Throw Flame
Press: ? - help, Shift-Dir - straight line, f - Duvessa
Aim: Duvessa, wielding a +0 short sword and wearing a +0 scale mail (berserk, 77% to hit)
The puff of flame hits Duvessa!
Duvessa is lightly wounded.
Aiming: Throw Flame
Press: ? - help, Shift-Dir - straight line, f/p - Duvessa
Aim: Duvessa, wielding a +0 short sword and wearing a +0 scale mail (lightly wounded, berserk, 77% to hit)
The puff of flame hits Duvessa but does no damage.
Duvessa is lightly wounded.
Duvessa hits you but does no damage. Duvessa misses you.
Aiming: Throw Flame
Press: ? - help, Shift-Dir - straight line, f/p - Duvessa
Aim: Duvessa, wielding a +0 short sword and wearing a +0 scale mail (lightly wounded, berserk, 77% to hit)
The puff of flame misses Duvessa.
Duvessa hits you with a +0 short sword!
Duvessa rages.
Duvessa barely misses you.
Aiming: Throw Flame
Press: ? - help, Shift-Dir - straight line, f/p - Duvessa
Aim: Duvessa, wielding a +0 short sword and wearing a +0 scale mail (lightly wounded, berserk, 77% to hit)
The puff of flame hits Duvessa.
Duvessa is lightly wounded.
Duvessa barely misses you.
Aiming: Throw Flame
Press: ? - help, Shift-Dir - straight line, f/p - Duvessa
Aim: Duvessa, wielding a +0 short sword and wearing a +0 scale mail (lightly wounded, berserk, 77% to hit)
The puff of flame hits Duvessa but does no damage.
Duvessa is lightly wounded.
Duvessa hits you with a +0 short sword!
* * * LOW HITPOINT WARNING * * *
Duvessa hits you with a +0 short sword!
You die...

.. #. #.## #..#
#>.#
.#####..########
........#.......
#....@e...##
#####....).#
#.....!...
#......#..
#.#...## ..##.##
#### .# .# .#


You could see Duvessa (berserk).

Vanquished Creatures
  An ogre (D:5)
  A bullfrog (D:6)
  2 scorpions (D:4)
  Dowan (D:6)
  2 hound zombies
  3 hound skeletons
  6 adders
  A shadow imp (D:5)
  4 orcs
  6 bats
  7 endoplasms
  4 giant cockroaches
  6 goblins
  9 hobgoblins
  12 kobolds
  4 quokkas
  6 ball pythons
  2 ball python zombies (D:3)
  5 frilled lizards
  A giant cockroach zombie (D:3)
  A goblin zombie (D:4)
  2 jackal skeletons
  10 rats
96 creatures vanquished.

Notes
Turn   | Place    | Note
-------+----------+-------------------------------------------
     0 | D:1      | Gildeon the Deep Elf Conjurer began the quest for the Orb.
     0 | D:1      | Reached XP level 1. HP: 10/10 MP: 6/6
    98 | D:1      | Reached XP level 2. HP: 14/15 MP: 0/8
   193 | D:1      | Found Kesaer's Magic Scroll Shoppe.
   225 | D:1      | Learned a level 2 spell: Searing Ray
   232 | D:1      | Found Locher's Assorted Antiques.
   375 | D:1      | Bought a scroll of noise for 11 gold pieces
   664 | D:1      | Bought a scroll of identify for 22 gold pieces
   738 | D:1      | Reached XP level 3. HP: 19/19 MP: 9/9
   744 | D:1      | Learned a level 3 spell: Dazzling Flash
  1009 | D:1      | Bought a scroll of fog for 22 gold pieces
  1469 | D:2      | Reached skill level 5 in Conjurations
  1674 | D:1      | Bought a scroll of identify for 22 gold pieces
  2102 | D:3      | Found a shadowy altar of Dithmenos.
  2106 | D:3      | Found a broken altar of Ashenzari.
  2135 | D:3      | Reached XP level 4. HP: 24/24 MP: 7/10
  2154 | D:3      | Reached skill level 1 in Hexes
  2335 | D:1      | Bought a scroll of immolation for 38 gold pieces
  2806 | D:3      | Found a sparkling altar of Nemelex Xobeh.
  3017 | D:1      | Bought a scroll of identify for 22 gold pieces
  3053 | D:4      | Found a staircase to the Ecumenical Temple.
  3062 | Temple   | Entered the Ecumenical Temple
  3083 | Temple   | Became a worshipper of Vehumet
  3133 | D:4      | Found an ornate altar of the Wu Jian Council.
  3217 | D:4      | Noticed a scorpion
  3228 | D:4      | Killed a scorpion
  3229 | D:4      | Reached XP level 5. HP: 23/28 MP: 7/11
  3234 | D:4      | Learned a level 4 spell: Iskenderun's Mystic Blast
  3629 | D:4      | Reached skill level 1 in Fighting
  3629 | D:4      | Reached XP level 6. HP: 34/34 MP: 10/13
  3663 | D:4      | Found a runed translucent door.
  3663 | D:4      | Noticed a human
  3675 | D:4      | Found a basalt altar of Yredelemnul.
  3960 | D:4      | Noticed Eustachio
  4056 | D:5      | Entered Level 5 of the Dungeon
  4133 | D:5      | Found a stormy altar of Qazlal.
  4186 | D:5      | Reached skill level 5 in Stealth
  4382 | D:1      | Bought a scroll of enchant armour for 82 gold pieces
  4643 | D:5      | You fall into a shaft and drop 1 floor!
  4648 | D:6      | Reached skill level 5 in Dodging
  4652 | D:6      | Noticed Dowan
  4657 | D:6      | Noticed Duvessa
  4659 | D:6      | Killed Dowan
  4660 | D:6      | Reached skill level 1 in Evocations
  4660 | D:6      | Reached XP level 7. HP: 35/40 MP: 10/15
  4665 | D:6      | Slain by Duvessa

Illustrated notes

Levels and vault maps discovered:
D:1:      psy_arrival_dodecagon, layout_rooms, serial_shops, shop,
          nicolae_diamond_shop
D:2:      layout_basic, grunt_decor_one_mirror
D:3:      layout_basic, nemelex_spade_bored_becter, grunt_temple_overflow_open,
          serial_undead, serial_undead_a, serial_undead_b, serial_undead_a,
          serial_undead_b
D:4:      minmay_door_path, layout_basic, kennysheep_mini_moat,
          dk_yredelemnul_ordeal, minmay_temple_entry_gardened_gates,
          uniq_eustachio
D:5:      layout_loops_ring, lemuel_coloured_pillars_altar,
          nicolae_qazlal_scattered_showers, roderic_nine_men_s_morris
D:6:      layout_loops_ring, nzn_hepliaklqana_mist_gate,
          mainiacjoe_overflow_alcove_4,
          pdpol_temple_overflow_zin_treasury_gozag_greed,
          hangedman_decor_growths, uniq_sigmund, uniq_duvessa, uniq_maggie,
          uniq_grinder
Temple:   corrupted_temple

Skill      XL: |  1  2  3  4  5  6 |
---------------+-------------------+-----
Stealth        | 3 4 5 |  5.3
Dodging        | 3 4 5 |  5.0
Conjurations   | 5 |  5.0
Hexes          | 2 3 |  3.0
Fighting       | 1 2 |  2.0
Spellcasting   | 4 |  4.5
Evocations     | 1 |  1.0
Short Blades   | |  0.2

Action                   |  1- 3 |  4- 6 |  7- 9 || total
-------------------------+-------+-------+-------++-------
Melee: Dagger            |    14 |    17 |       ||    31
 Cast: Magic Dart        |    77 |    72 |       ||   149
       Searing Ray       |     1 |     6 |       ||     7
Evoke: Wand              |       |     2 |     5 ||     7
  Use: Scroll            |     3 |     2 |       ||     5
 Stab: Sleeping          |     7 |     9 |       ||    16
Armor: Robe              |    10 |    10 |     1 ||    21
Dodge: Dodged            |    37 |    33 |     3 ||    73

Table legend: (Time is in decaauts)
 A = Elapsed time spent in this place.
 B = Non-inter-level travel time spent in this place.
 C = Inter-level travel time spent in this place.
 D = Time resting spent in this place.
 E = Time spent auto-exploring this place.
 F = Levels seen in this place.
 G = Mean time per level.
                   A        B        C        D        E       F      G
               +--------+--------+--------+--------+--------+-----+--------+
         Total |   4674 |   4101 |    573 |    129 |   3157 |   7 |  667.7 |
       Dungeon |   4637 |   4080 |    557 |    129 |   3153 |   6 |  772.8 |
        Temple |     37 |     22 |     15 |      0 |      4 |   1 |   37.0 |
               +--------+--------+--------+--------+--------+-----+--------+

Top non-repeatable levels by time:
     D:2: 1346 daAuts
     D:4: 1060 daAuts
     D:1: 906 daAuts
     D:3: 834 daAuts
     D:5: 468 daAuts
  Temple: 37 daAuts
     D:6: 21 daAuts
